 Dungeon Crawl Stone Soup version 0.28.0-53-g5a82cb258f (webtiles) character file.

Game seed: 9444717238727563308

646 DemonSlayer the Magician (level 7, -2/46 HPs)
             Began as a Demonspawn Fire Elementalist on Aug 6, 2022.
             Shot with an arrow by a centaur (13 damage)
             ... on level 5 of the Dungeon.
             The game lasted 00:12:14 (6515 turns).

DemonSlayer the Magician (DsFE)                     Turns: 6515, Time: 00:12:14

Health: -2/46      AC:  7    Str:  8    XL:     7   Next: 27%
Magic:  7/15       EV: 12    Int: 23    God:
Gold:   158        SH:  0    Dex: 13    Spells: 7/17 levels left

rFire   + . .      SeeInvis .   r - +5 long sword
rCold   . . .      Faith    .   (no shield)
rNeg    . . .      Spirit   .   a - +0 robe
rPois   .          Reflect  .   (helmet restricted)
rElec   .          Harm     .   m - +0 cloak
rCorr   .          Rampage  .   (no gloves)
Will    .....                   (no boots)
Stlth   ++........              (no amulet)
HPRegen 0.15/turn               c - +4 ring of protection
MPRegen 0.14/turn               q - ring of protection from fire

@: invisible
A: antennae 1, spiny 1, big brain 2
a: no special abilities


You were on level 5 of the Dungeon.
You visited 1 branch of the dungeon, and saw 5 of its levels.

You collected 158 gold pieces.

Inventory:

Hand Weapons
 r - a +5 long sword (weapon)
Armour
 a - a +0 robe (worn)
 m - a +0 cloak (worn)
 p - a +2 ring mail of poison resistance
Jewellery
 c - a +4 ring of protection (left hand)
 q - a ring of protection from fire (right hand)
 s - an amulet of regeneration
Wands
 h - a wand of iceblast (3)
Scrolls
 j - 2 scrolls of teleportation
 l - a scroll of fog {unknown}
 n - a scroll of enchant armour
 o - a scroll of identify
Potions
 b - 2 potions of curing {unknown}
 d - a potion of invisibility
 e - a potion of haste {unknown}
 f - a potion of lignification
 g - a potion of cancellation {unknown}
 i - a potion of heal wounds {unknown}
 k - 2 potions of brilliance {unknown}


   Skills:
 + Level 0.1 Fighting
 + Level 0.5 Long Blades
 + Level 2.3 Dodging
 + Level 2.3 Stealth
 + Level 5.6 Spellcasting
 + Level 2.0 Conjurations
 + Level 4.6 Fire Magic
 + Level 0.2 Evocations


You had 7 spell levels left.
You knew the following spells:

 Your Spells              Type           Power      Damage    Failure   Level
a - Foxfire               Conj/Fire      84%        2x1d8     2%          1
b - Scorch                Fire           54%        2d8       1%          2
c - Conjure Flame         Conj/Fire      21%        6-21      7%          3
d - Flame Wave            Conj/Fire      21%        2d7       22%         4

Your spell library contained the following spells:

 Spells                   Type           Power      Damage    Failure   Level
 Animate Skeleton         Necr           12%        N/A       9%          1
 Pain                     Necr           24%        1d5       9%          1
 Inner Flame              Hex/Fire       17%        N/A       11%         3
 Vampiric Draining        Necr           6%         2d6       26%         3


Dungeon Overview and Level Annotations

Branches:
Dungeon (5/15)
 Temple: D:4-7

Altars:

Shops:
D:1 [   D:2 [   D:4 [


Innate Abilities, Weirdness & Mutations

You have a pair of small antennae on your head.
You are partially covered in sharp spines.
You have an extremely huge brain. (Int +4)


Message History

A bullfrog zombie comes into view.
Found a flail.
A bullfrog zombie is nearby!
A bullfrog zombie is nearby!
A bullfrog zombie is nearby!
You can't see any susceptible monsters within range! (Use Z to cast anyway.)
You can't see any susceptible monsters within range! (Use Z to cast anyway.)
You can't see any susceptible monsters within range! (Use Z to cast anyway.)
You can't see any susceptible monsters within range! (Use Z to cast anyway.)
You can't see any susceptible monsters within range! (Use Z to cast anyway.)
You can't see any susceptible monsters within range! (Use Z to cast anyway.)
A centaur comes into view.
The centaur wields a +0 shortbow.
The centaur shoots an arrow.
The arrow hits you.
You see here an Inescapable Atlas.
Flames lash the bullfrog zombie.
The bullfrog zombie is moderately damaged.
The bullfrog zombie's fire resistance burns away.
The centaur shoots an arrow.
The arrow hits you.
Flames lash the bullfrog zombie.
The bullfrog zombie is burned terribly!
The bullfrog zombie is severely damaged.
The centaur shoots an arrow.
The arrow hits you.
The bullfrog zombie hits you but does no damage.
Flames lash the bullfrog zombie.
The bullfrog zombie is burned terribly!
You destroy the bullfrog zombie!
The centaur shoots an arrow.
The arrow hits you!
Flames lash the centaur.
The centaur is moderately wounded.
The centaur's fire resistance burns away.
The centaur shoots an arrow.
The arrow hits you!
You are too injured to fight recklessly!
You are too injured to fight recklessly!
You fade into invisibility!
The centaur shoots an arrow.
The arrow hits you.
* * * LOW HITPOINT WARNING * * *
The centaur shoots an arrow.
The arrow hits you.
* * * LOW HITPOINT WARNING * * *
The centaur shoots an arrow.
The arrow misses you.
The centaur shoots an arrow.
The arrow hits you!
You die...

.#....##.######.......
......#......#........
#............#........
...###.......#........
##...............
#......#........
###:..............
..#####........##.......
....≈..@#.......#.######
....≈c###)......#. ...≈≈
##..###... ###≈ ..# ...
.. .## ##. .. .# .


You could see a centaur (combustible).

Vanquished Creatures
  An orc warrior (D:4)
  A necrophage (D:4)
  An ogre (D:4)
  A hound (D:3)
  Crazy Yiuf (D:2)
  A bullfrog zombie (D:5)
  An orc priest (D:4)
  Jessica (D:3)
  Ijyb (D:3)
  Natasha (thrice) (D:3)
  A hound skeleton (D:4)
  4 adders
  A worm (D:4)
  2 dart slugs
  5 orcs
  6 endoplasms
  4 giant cockroaches
  4 goblins
  6 hobgoblins
  8 jackals
  4 quokkas
  6 ball pythons
  3 bats
  5 frilled lizards
  9 kobolds
  3 rats (D:1)
83 creatures vanquished.

Vanquished Creatures (collateral kills)
  2 foxfires (D:2)
2 creatures vanquished.

Vanquished Creatures (others)
  236 foxfires
  2 plants (D:5)
238 creatures vanquished.

Grand Total: 323 creatures vanquished

Notes
Turn   | Place    | Note
-------+----------+-------------------------------------------
     0 | D:1      | DemonSlayer the Demonspawn Fire Elementalist began the
                  | quest for the Orb.
     0 | D:1      | Reached XP level 1. HP: 13/13 MP: 3/3
   402 | D:1      | Gained mutation: You have an unusually large brain. (Int
                  | +2) [demonic ancestry]
   402 | D:1      | Reached XP level 2. HP: 19/19 MP: 0/5
  1114 | D:1      | Found Wegahidgh's Antique Armour Boutique.
  1562 | D:2      | Learned a level 2 spell: Scorch
  1581 | D:2      | Gained mutation: You have a pair of small antennae on your
                  | head. [demonic ancestry]
  1581 | D:2      | Reached XP level 3. HP: 24/24 MP: 1/6
  1913 | D:2      | Found a runed translucent door.
  1914 | D:2      | Noticed Crazy Yiuf
  2563 | D:2      | Found Fywoajo's Antique Armour Shoppe.
  3122 | D:2      | Killed Crazy Yiuf
  3123 | D:2      | Gained mutation: You are partially covered in sharp spines.
                  | [demonic ancestry]
  3123 | D:2      | Reached XP level 4. HP: 9/30 MP: 1/8
  3388 | D:3      | Noticed Jessica
  3391 | D:3      | Killed Jessica
  3392 | D:3      | Reached skill level 3 in Spellcasting
  3521 | D:3      | Noticed Natasha
  3523 | D:3      | Noticed Ijyb
  3524 | D:3      | Killed Natasha
  3594 | D:3      | Reached skill level 4 in Spellcasting
  3594 | D:3      | Gained mutation: You have an extremely huge brain. (Int +4)
                  | [demonic ancestry]
  3594 | D:3      | Reached XP level 5. HP: 35/35 MP: 3/11
  3746 | D:3      | Noticed Natasha
  3752 | D:3      | Killed Natasha
  3971 | D:3      | Killed Ijyb
  4514 | D:3      | Noticed Natasha
  4516 | D:3      | Killed Natasha
  4517 | D:3      | Reached XP level 6. HP: 41/41 MP: 7/12
  4592 | D:3      | Learned a level 3 spell: Conjure Flame
  4597 | D:3      | Learned a level 4 spell: Flame Wave
  5066 | D:4      | Reached skill level 5 in Spellcasting
  5318 | D:4      | Found Mohauqet's Armour Boutique.
  5541 | D:4      | Noticed an orc warrior
  6199 | D:4      | Reached XP level 7. HP: 46/46 MP: 11/14
  6416 | D:5      | Entered Level 5 of the Dungeon
  6515 | D:5      | Shot with an arrow by a centaur

Illustrated notes

Levels and vault maps discovered:
D:1:      amcnicky_arrival_choice, layout_basic, serial_shops,
          nicolae_lakefront_shop
D:2:      wad_lake_hut, layout_basic, serial_shops, nicolae_shop_stone,
          uniq_crazy_yiuf_cottage
D:3:      layout_loops_ring, minmay_misc_feat_ornament, uniq_ijyb, uniq_jessica,
          uniq_natasha
D:4:      layout_gridville, serial_shops, nicolae_shop_hallway_plus
D:5:      layout_rooms, nicolae_uskayaw_murder_on_the_dancefloor,
          minmay_temple_entry_glassed_door, serial_bayou, serial_bayou_crossing,
          serial_bayou_shore_a, serial_bayou_pond_a, serial_bayou_pond_d,
          serial_bayou_pond_b, serial_bayou_lake_a, kennysheep_path_1

Skill      XL: |  1  2  3  4  5  6  7 |
---------------+----------------------+-----
Dodging        | 2 |  2.3
Stealth        | 2 |  2.3
Fire Magic     | 3 4 |  4.6
Spellcasting   | 4 5 |  5.6
Conjurations   | 2 |  2.0
Fighting       | |  0.1
Long Blades    | |  0.5
Evocations     | |  0.2

Action                   |  1- 3 |  4- 6 |  7- 9 || total
-------------------------+-------+-------+-------++-------
Melee: Unarmed           |    29 |       |       ||    29
       Punch             |     1 |       |       ||     1
       Mace              |       |     1 |       ||     1
       Long sword        |       |     9 |     3 ||    12
 Cast: Foxfire           |   140 |     5 |       ||   145
       Scorch            |     2 |    56 |     8 ||    66
Evoke: Wand              |       |     3 |       ||     3
  Use: Potion            |     1 |     1 |     1 ||     3
       Scroll            |       |     7 |       ||     7
 Stab: Sleeping          |       |     1 |     1 ||     2
Armor: Robe              |    11 |     2 |     1 ||    14
Dodge: Dodged            |    22 |    22 |     5 ||    49
